 Dungeon Crawl Stone Soup version 0.29.1-15-g9cfb28693d (webtiles) character file.

Game seed: 15179421787027277928

1718 Arzdou the Geomancer (level 9, -2/46 HPs)
             Began as a Gargoyle Earth Elementalist on Apr 24, 2023.
             Was an Initiate of Vehumet.
             Slain by a wight
             ... wielding a +5 great sword of freezing
              (4 damage)
             ... on level 6 of the Dungeon.
             The game lasted 00:11:07 (6133 turns).

Arzdou the Geomancer (Gargoyle Earth Elementalist)  Turns: 6133, Time: 00:11:08

Health: -2/46      AC:  8    Str: 13    XL:     9   Next: 4%
Magic:  21/26      EV: 11    Int: 19    God:    Vehumet [......]
Gold:   375        SH: 10    Dex: 10    Spells: 14/18 levels left

rFire   . . .      SeeInvis .   C - +1 dagger (speed)
rCold   . . .      Faith    .   p - +1 buckler
rNeg    + . .      Spirit   .   a - +0 robe
rPois   ∞          Reflect  +   (no helmet)
rElec   +          Harm     .   (no cloak)
rCorr   .          Rampage  .   (no gloves)
Will    .....                   (no boots)
Stlth   ++........              l - amulet of reflection
HPRegen 0.15/turn               c - ring of magical power
MPRegen 0.20/turn               (no ring)

@: about to teleport
A: sickness immunity, AC +6, negative energy resistance 1, electricity
resistance, torment resistance 1, petrification resistance
a: Renounce Religion


You were on level 6 of the Dungeon.
You worshipped Vehumet.
Vehumet was noncommittal.
You visited 2 branches of the dungeon, and saw 7 of its levels.
You also visited: Ossuary.

You collected 375 gold pieces.

Inventory:

Hand Weapons
 i - a +1 short sword
 C - a +1 dagger of speed (weapon)
Armour
 a - a +0 robe (worn)
 p - a +1 buckler (worn)
 r - a +0 kite shield
Jewellery
 c - a ring of magical power (left hand)
 l - an amulet of reflection (around neck)
 n - a +6 ring of strength
 t - a ring of wizardry
 y - a ring of protection from fire
Wands
 m - a wand of polymorph (29)
 s - a wand of iceblast (13)
 w - a wand of paralysis (7)
Scrolls
 e - 8 scrolls of fear
 f - 3 scrolls of teleportation
 g - a scroll of amnesia
 k - a scroll of blinking
 v - 3 scrolls of identify
 z - 2 scrolls of poison
 E - a scroll of noise {unknown}
Potions
 b - a potion of magic
 d - 2 potions of brilliance
 h - 6 potions of heal wounds
 j - a potion of might {unknown}
 o - 3 potions of flight
 q - 2 potions of haste {unknown}
 u - 3 potions of curing
 x - a potion of cancellation {unknown}
 A - a potion of lignification {unknown}
 B - 2 potions of mutation
 D - a potion of degeneration {unknown}


   Skills:
 + Level 0.4 Fighting
 + Level 2.0 Dodging
 + Level 3.0 Stealth
 * Level 4.1 Shields
 + Level 5.4 Spellcasting
 * Level 4.5 Conjurations
 + Level 0.8 Transmutations
 * Level 9.4 Earth Magic


You had 14 spell levels left.
You knew the following spells:

 Your Spells              Type           Power      Damage    Failure   Level
a - Sandblast             Erth           82%        2d17      1%          1
b - Stone Arrow           Conj/Erth      62%        3d10      2%          3

Your spell library contained the following spells:

 Spells                   Type           Power      Damage    Failure   Level
 Passwall                 Tmut/Erth      20%        N/A       2%          2
 Dazzling Flash           Conj/Hex       26%        N/A       19%         3
 Petrify                  Tmut/Erth      24%        N/A       19%         4
 Gell's Gravitas          Tloc           5%         N/A       41%         3
 Inner Flame              Hex/Fire       5%         N/A       41%         3
 Teleport Other           Tloc           5%         N/A       41%         3
 Iskenderun's Mystic Bla  Conj/Tloc      13%        2d5       52%         4
 Cause Fear               Hex            2%         N/A       83%         4
 Dispersal                Tloc           2%         N/A       100%        6
 Starburst                Conj/Fire      6%         6d4       100%        6
 Discord                  Hex            2%         N/A       100%        8


Dungeon Overview and Level Annotations

Branches:
Dungeon (6/15)             Temple (1/1) D:5         Ossuary (visited)

Altars:
Ashenzari
Cheibriados
Elyvilon
Fedhas
Gozag
Kikubaaqudgha
Nemelex Xobeh
Okawaru
Ru
Sif Muna
Trog
Uskayaw
Vehumet
Wu Jian
Xom
Yredelemnul
Zin
The Shining One


Innate Abilities, Weirdness & Mutations

You are immune to sickness and miasma.
Your stone body is resilient. (AC +6)
You are immune to poison.
You resist negative energy. (rN+)
You are resistant to electric shocks. (rElec)
You are resistant to unholy torment.
You are immune to petrification.


Message History

You kill the hound!
Vehumet accepts your kill.
There is an open door here.
Found an escape hatch in the floor.
You open the door.
There is an open door here.
As you open the door, it creaks loudly!
There is an open door here.
You open the door.
There is an open door here.
Found a stone staircase leading up.
There is a stone staircase leading up here.
You open the door.
There is an open door here.
A wight comes into view.
It is wielding a +0 flail and wearing a +0 robe of willpower. 2 wights come into view.
A wight is wielding a +5 great sword of freezing.
Found 7 gold pieces.
Casting: Sandblast (safe; 1% risk of failure)
Confirm with . or Enter, or press ? or * to list all spells.
Aiming: Stone Arrow (dangerous; 2% risk of failure)
Press: ? - help, Shift-Dir - straight line, f - wight
Aim: a wight, wielding a +0 flail and wearing a +0 robe of willpower (74% to hit)
The stone arrow misses the wight.
The blast of sand hits the wight.
The wight is lightly damaged.
The wight hits you with a +0 flail! You block the wight's attack.
The blast of sand hits the wight.
The wight is moderately damaged.
The blast of sand misses the wight.
You block the wight's attack. x3
The wight misses you.
The wight hits you with a +5 great sword of freezing!!
The wight freezes you.
Okay, then.
As you read the scroll of teleportation, it crumbles to dust.
You feel strangely unstable.
The wight hits you with a +5 great sword of freezing!
* * * LOW HITPOINT WARNING * * *
The wight freezes you.
You die...

##########
#############........#
............#........#
......zz....#........#
$.....z@....#........#
.....##.....#...<....# ...
#.....###'####.###
#########..............#..
#......##.................
#.........................
#.(.................[.....
#.....................##..
#.....................##..


You could see 3 wights.

Vanquished Creatures
  Grinder (D:3)
  A yak (D:5)
  Menkaure (D:5)
  3 black bears
  An ogre (D:5)
  A phantom (D:4)
  A necrophage (D:6)
  A scorpion (D:5)
  A water moccasin zombie (Ossuary)
  4 hounds
  2 jellies (D:5)
  2 orc priests (D:6)
  Jessica (D:3)
  Ijyb (D:3)
  5 iguanas
  2 mummies (Ossuary)
  9 adders
  A shadow imp (D:5)
  2 ufetubi (D:3)
  5 adder zombies (Ossuary)
  A worm (D:4)
  4 dart slugs
  6 orcs
  6 ball pythons
  5 bats
  6 endoplasms
  4 giant cockroaches
  6 gnoll zombies (Ossuary)
  4 goblins
  7 hobgoblins
  9 jackals
  12 kobolds
  5 quokkas
  5 frilled lizards
  3 hobgoblin zombies (Ossuary)
  4 kobold zombies (Ossuary)
  6 orc zombies (Ossuary)
  4 rats
142 creatures vanquished.

Vanquished Creatures (others)
  12 plants (D:6)
12 creatures vanquished.

Grand Total: 154 creatures vanquished

Notes
Turn   | Place    | Note
-------+----------+-------------------------------------------
     0 | D:1      | Arzdou the Gargoyle Earth Elementalist began the quest for
                  | the Orb.
     0 | D:1      | Reached XP level 1. HP: 10/10 MP: 3/3
    70 | D:1      | Found a faded altar of an unknown god.
   160 | D:1      | Reached skill level 4 in Earth Magic
   183 | D:1      | Reached XP level 2. HP: 15/15 MP: 0/5
   802 | D:1      | Reached XP level 3. HP: 19/19 MP: 6/6
  1348 | D:2      | Reached XP level 4. HP: 24/24 MP: 8/8
  1471 | D:2      | Reached skill level 1 in Conjurations
  1491 | D:2      | Reached skill level 5 in Earth Magic
  1495 | D:2      | Learned a level 3 spell: Stone Arrow
  2050 | D:3      | Noticed Jessica
  2060 | D:3      | Killed Jessica
  2061 | D:3      | Reached XP level 5. HP: 28/28 MP: 9/9
  2088 | D:3      | Noticed Grinder
  2092 | D:3      | Killed Grinder
  2093 | D:3      | Reached skill level 1 in Shields
  2093 | D:3      | Reached skill level 6 in Earth Magic
  2093 | D:3      | Reached XP level 6. HP: 28/32 MP: 11/11
  2311 | D:3      | Noticed Ijyb
  2318 | D:3      | Paralysed by Ijyb for 5 turns
  2331 | D:3      | Killed Ijyb
  2691 | D:4      | Noticed a black bear
  2833 | D:4      | Killed a black bear
  2834 | D:4      | Reached XP level 7. HP: 29/37 MP: 13/13
  3102 | D:4      | Reached skill level 7 in Earth Magic
  3568 | D:5      | Entered Level 5 of the Dungeon
  3609 | D:5      | Found a sand-covered staircase.
  3618 | Ossuary  | Entered an ossuary
  4395 | D:5      | Noticed Menkaure
  4403 | D:5      | Killed Menkaure
  4404 | D:5      | Reached skill level 8 in Earth Magic
  4404 | D:5      | Reached XP level 8. HP: 31/42 MP: 13/15
  4650 | D:5      | Found a staircase to the Ecumenical Temple.
  4829 | Temple   | Entered the Ecumenical Temple
  4908 | Temple   | Became a worshipper of Vehumet
  5150 | D:5      | Found an ornate altar of the Wu Jian Council.
  5225 | D:5      | Noticed a yak
  5230 | D:5      | Killed a yak
  5231 | D:5      | Reached skill level 5 in Spellcasting
  5232 | D:5      | Reached skill level 9 in Earth Magic
  5548 | D:6      | Found a sacrificial altar of Ru.
  5655 | D:6      | Reached XP level 9. HP: 45/46 MP: 17/17
  6133 | D:6      | HP: 2/46 [wight/+5 great sword of freezing (13)]
  6133 | D:6      | Slain by a wight

Illustrated notes

Levels and vault maps discovered:
D:1:      roderic_octagonal_star, layout_loops_cross,
          hellmonk_ecumenical_altar_slurped_away,
          chequers_serial_rivers_micro_b, minmay_surrounded
D:2:      layout_loops_ring, nicolae_elevator_lobby_plus
D:3:      layout_loops_ring, uniq_ijyb, uniq_jessica, uniq_grinder
D:4:      layout_basic, cheibrodos_sewer_entry_bend
D:5:      minmay_chambers_of_fours, layout_loops_cross,
          pdpol_wu_jian_five_deadly_venoms, minmay_temple_entry_junction_2,
          nicolae_ossuary_entry_ruins, hellmonk_bongcloud_opening, uniq_menkaure
D:6:      layout_gridville, nicolae_ru_awakened_eye, lexackson_kobold_supper
Temple:   nicolae_temple_x_marks_the_god

Skill      XL: |  1  2  3  4  5  6  7  8 |
---------------+-------------------------+-----
Earth Magic    | 4 5 6 8 9 |  9.4
Conjurations   | 1 2 3 4 |  4.5
Spellcasting   | 3 4 5 |  5.4
Shields        | 1 2 4 |  4.1
Dodging        | 2 |  2.0
Stealth        | 3 |  3.0
Fighting       | |  0.4
Transmutations | |  0.8

Action                   |  1- 3 |  4- 6 |  7- 9 || total
-------------------------+-------+-------+-------++-------
Melee: Unarmed           |     4 |       |       ||     4
       Short sword       |     2 |       |       ||     2
       Dagger            |       |       |     1 ||     1
 Cast: Sandblast         |    47 |    56 |   106 ||   209
       Stone Arrow       |       |     2 |    22 ||    24
  Use: Scroll            |       |       |    17 ||    17
Armor: Robe              |     6 |    16 |    12 ||    34
Dodge: Dodged            |    11 |    31 |    20 ||    62
Block: Other             |     1 |       |       ||     1
       Buckler           |       |    25 |    15 ||    40
       Reflection        |       |       |     1 ||     1
